Map: Orbital Shipyard

Players

SticklerMac - Winner!

  • Race: Zerg Zerg
  • League: Silver

VOD

Have the link to the VOD?

Description

Time

  • Played on: Aug. 30, 2015, 8:34 a.m.
  • Length: 97:13
Show
View Real Time Build Order
Export as new Build Order

SticklerMac Zerg - Winner!

Build Orders:  

Get SALT Encoding   

  12  30:51  Hatchery  
  12  30:58  Hatchery  
  12  31:18  Hatchery x2  
  12  31:29  Hatchery  
  12  31:31  Hatchery  
  12  31:32  Hatchery  
  12  31:36  Hatchery  
  12  31:37  Hatchery  
  12  31:49  Hatchery  
  12  31:55  Hatchery  
  12  32:00  Hatchery  
  12  39:03  Drone x12  
  12  39:04  Drone x24  
  12  39:05  Drone x3  
  12  39:49  Drone x13  
  12  39:50  Drone x26  
  12  60:00  Hatchery  
Tags
 
Add a new tag
Caveats
  • Supply blocks, unpowered buildings, or Contaminate may cause inaccurate times.
  • Supply counts are checked every 10 seconds.